 Dungeon Crawl Stone Soup version 0.30.0 (webtiles) character file.

Game seed: 16002479385517215193

13801 mezmerelda the Nimble (level 11, -1/175 HPs)
             Began as a Troll Monk on Aug 31, 2023.
             Was a Plaything of Xom.
             Slain by a slime creature (3 damage)
             ... on level 14 of the Dungeon on Oct 9, 2023.
             The game lasted 00:54:18 (11029 turns).

mezmerelda the Nimble (Troll Monk)                 Turns: 11029, Time: 00:54:19

Health: -1/175     AC: 25    Str: 31      XL:     11   Next: 80%
Magic:  10/10      EV:  1    Int:  5      God:    Xom [...*..]
Gold:   461        SH:  0    Dex: 14 (16) Spells: 10/10 levels left

rFire   + .          .
                       - Unarmed
rCold   . . .        c - orb {light}
rNeg    . . .        t - melded +0 robe
rPois   +            (helmet currently unavailable)
rElec   .            r - melded +0 cloak
rCorr   .            (gloves unavailable)
SInv    +            (boots unavailable)
Will    .....        (no amulet)
Stlth   +            s - ring "Opluk" {rF+ Str+2 Dex+3 Slay-2 SInv}
HPRegen 1.29/turn    E - +5 ring of evasion
MPRegen 0.12/turn

%: no passive effects
@: tree-form (expiring), glowing, studying Dodging
A: stationary, stasis, torment immunity, boosted hp, large, unfitting armour,
(claws 3), regeneration 1, (shaggy fur 1), (tough skin 1), thin skeletal
structure 1, deterioration 2, strong 1, (cold vulnerability 1)
a: Renounce Religion


You were on level 14 of the Dungeon.
You worshipped Xom.
You were a favourite toy of Xom.
You were a tree.
You visited 3 branches of the dungeon, and saw 15 of its levels.

You collected 1611 gold pieces.
You spent 1150 gold pieces at shops.

Inventory:

Hand Weapons
 a - a +9 mace
Armour
 c - an orb of light (worn)
 r - a +0 cloak (melded)
 t - a +0 robe (melded)
Jewellery
 s - the ring "Opluk" (left branch) {rF+ Str+2 Dex+3 Slay-2 SInv}
   (You bought it in a shop on level 1 of the Dungeon)

   [ring of protection from fire]

   Str:       It affects your strength (+2).
   Dex:       It affects your dexterity (+3).
   Slay:      It affects your accuracy & damage with ranged weapons and melee
   (-2).
   rF:        It protects you from fire.
   SInv:      It lets you see invisible.
 E - a +5 ring of evasion (right branch)
Wands
 g - a wand of paralysis (2)
 y - a wand of iceblast (7)
 C - a wand of polymorph (12)
 G - a wand of flame (10)
 K - a wand of light (4)
Scrolls
 d - 3 scrolls of summoning {unknown}
 e - 6 scrolls of teleportation
 f - 2 scrolls of poison
 l - a scroll of immolation
 n - 3 scrolls of blinking
 o - a scroll of fear {unknown}
 v - 2 scrolls of noise {unknown}
 w - 2 scrolls of vulnerability {unknown}
 x - 3 scrolls of enchant armour {unknown}
 D - a scroll of amnesia {unknown}
 F - a scroll of brand weapon {unknown}
 I - a scroll of torment {unknown}
 J - 4 scrolls of magic mapping {unknown}
Potions
 b - 5 potions of ambrosia
 h - a potion of cancellation
 i - 2 potions of lignification
 j - 2 potions of flight
 m - a potion of might {unknown}
 p - 2 potions of invisibility
 q - 6 potions of curing
 u - 4 potions of haste
 z - a potion of attraction
 A - 2 potions of brilliance
 B - a potion of resistance
Miscellaneous
 H - a piece from Xom's chessboard (13/15)
 L - a phial of floods


   Skills:
 - Level 10.0 Fighting
 + Level 10.7 Dodging
 - Level 5.0 Shields
 - Level 10.0 Unarmed Combat
 - Level 5.0 Evocations


You had 10 spell levels left.
You didn't know any spells.
Your spell library contained the following spells:

 Spells                   Type           Power      Damage    Failure   Level
 Freeze                   Ice            0%         1d3       47%         1
 Magic Dart               Conj           0%         1d3       47%         1
 Blink                    Tloc           0%         N/A       63%         2
 Call Imp                 Summ           0%         N/A       63%         2
 Cigotuvi's Dreadful Rot  Necr/Pois/Air  0%         N/A       63%         2
 Ensorcelled Hibernation  Hex/Ice        0%         N/A       63%         2
 Frozen Ramparts          Ice            0%         1d1       85%         3
 Hailstorm                Conj/Ice       0%         3d3       85%         3
 Ignite Poison            Fire/Tmut/Pois 0%         N/A       85%         3
 Mephitic Cloud           Conj/Pois/Air  0%         N/A       85%         3
 Spider Form              Tmut/Pois      0%         N/A       85%         3
 Vhi's Electric Charge    Tloc/Air       0%         N/A       85%         3
 Anguish                  Hex/Necr       0%         N/A       99%         4
 Manifold Assault         Tloc           0%         N/A       99%         4
 Sticky Flame             Conj/Fire      0%         2d3       99%         4
 Alistair's Intoxication  Tmut/Pois      0%         N/A       100%        5
 Arcjolt                  Conj/Air       0%         1d10      100%        5
 Borgnjor's Vile Clutch   Necr/Erth      0%         N/A       100%        5
 Freezing Cloud           Conj/Ice/Air   0%         6-21      100%        5
 Dispersal                Tloc           0%         N/A       100%        6
 Eringya's Noxious Bog    Tmut/Pois      0%         N/A       100%        6
 Enfeeble                 Hex            0%         N/A       100%        7
 Storm Form               Tmut/Air       0%         N/A       100%        7
 Disjunction              Tloc           0%         N/A       100%        8
 Maxwell's Capacitive Co  Air            0%         ∞         100%        8


Dungeon Overview and Level Annotations

Branches:
Dungeon (12/15)            Temple (1/1) D:5            Lair (0/5) D:10
    Orc (1/2) D:12

Altars:
Ashenzari
Cheibriados
Gozag
Kikubaaqudgha
Qazlal
Ru
Uskayaw
Xom
Yredelemnul

Shops:
D:1 =   D:3 *   D:5 *   D:8 *

Annotations:
Orc:1 Erica


Innate Abilities, Weirdness & Mutations

You are a tree.
Your roots penetrate the ground, keeping you stationary.
You cannot be teleported.
You are immune to unholy pain and torment.
Your maximum health is greatly increased.
Your equipment is partially melded.
You are too large for most types of armour.
((You have claws for hands.))
Your natural rate of healing is unusually fast.
((You are covered in fur. (AC +1)))
((You have tough skin. (AC +1)))
You have a somewhat thin skeletal structure. (Dex +2, Stealth+)
Your body often deteriorates upon taking damage.
Your muscles are strong. (Str +4, Int/Dex -1)
((You are vulnerable to cold. (rC-)))


Message History

The slime creature hits you but does no damage.
The hornet stings you but does no damage.
Your lindwurm bites the hornet but does no damage.
Your lindwurm barely misses the hornet.
Your lindwurm closely misses the hornet.
You smack the hornet!
The hornet is almost dead.
The hornet stings you but does no damage.
The deep elf pyromancer casts a spell.
The deep elf pyromancer blinks!
The slime creature hits you but does no damage. x2
Your lindwurm bites the hornet!
The hornet dies!
You feel better.
The slime creature hits you but does no damage.
The slime creature hits you.
* * * LOW HITPOINT WARNING * * *
You smack the slime creature!
The slime creature is moderately wounded.
You pummel the slime creature!!
The slime creature is severely wounded.
The slime creature hits you but does no damage. x2
Your lindwurm completely misses the slime creature.
Your lindwurm claws the slime creature!
Your lindwurm claws the slime creature.
You hit the slime creature.
The slime creature is severely wounded.
The slime creature barely misses you.
The deep elf pyromancer hits you but does no damage.
The slime creature hits you!
* * * LOW HITPOINT WARNING * * *
Your lindwurm barely misses the slime creature.
Your lindwurm claws the slime creature! x2
You smack the slime creature!
The slime creature is almost dead.
The deep elf pyromancer casts a spell at you.
The bolt of fire hits you! You resist.
* * * LOW HITPOINT WARNING * * *
The slime creature hits you.
You die... "I guess I need a new plaything now."

#############
............#
............#
............#
........)...# .
....##......#..
.......).......
............###
.......♣k......
......JJe..^...
###.###H####...
... ... ... #
##. #. #


You could see 2 slime creatures, a manticore, a deep elf pyromancer and a
friendly lindwurm (summoned).

Vanquished Creatures
  3 two-headed ogres
  2 centaur warriors
  A deep elf pyromancer (D:14)
  2 cyclopes
  An unseen horror (D:7)
  A rime drake (D:10)
  2 trolls
  A polar bear (D:10)
  A hornet (D:6)
  A slime creature (D:14)
  9 yaks
  2 wraiths
  A shadow (D:10)
  A basilisk (D:12)
  4 steam dragons
  6 orc warriors
  A sky beast (D:5)
  5 ice beasts
  An ogre (D:5)
  2 wolves (D:10)
  11 centaurs
  A phantom (D:7)
  7 bullfrogs
  5 kobold brigands
  A gnoll sergeant (D:6)
  3 scorpions
  12 wights
  7 killer bees
  7 howler monkeys
  3 hounds
  2 orc priests
  2 gnoll boudas
  An iron imp (D:11)
  2 sleepcaps (D:6)
  4 iguanas
  7 orc wizards
  9 gnolls
  8 adders
  2 white imps (D:6)
  3 ufetubi (D:6)
  2 dart slugs
  28 orcs
  7 endoplasms
  2 giant cockroaches
  5 goblins
  10 hobgoblins
  12 jackals
  20 kobolds
  5 quokkas
  5 ball pythons
  8 bats
  3 frilled lizards
  A kobold zombie (D:5)
  5 rats
257 creatures vanquished.

Vanquished Creatures (collateral kills)
  A deep elf archer (D:14)
  A hornet (D:14)
  A black bear (D:6)
  A gnoll (D:6)
4 creatures vanquished.

Vanquished Creatures (others)
  A centaur simulacrum (D:14)
  An adder (D:5)
2 creatures vanquished.

Grand Total: 263 creatures vanquished

Notes
Turn   | Place    | Note
-------+----------+-------------------------------------------
     0 | D:1      | mezmerelda the Troll Monk began the quest for the Orb.
     0 | D:1      | Reached XP level 1. HP: 22/22 MP: 0/0
   245 | D:2      | Reached XP level 2. HP: 29/29 MP: 1/1
   324 | D:2      | Reached XP level 3. HP: 36/36 MP: 2/2
   436 | D:3      | Found a shimmering altar of Xom.
   509 | D:3      | Became a worshipper of Xom of Chaos
   824 | D:1      | Found Joas Qif's Jewellery Emporium.
  1018 | D:1      | XOM is BORED!
  1018 | D:1      | XOM: silly message
  1353 | D:2      | XOM: silly message
  1354 | D:2      | Reached XP level 4. HP: 45/45 MP: 3/3
  1407 | D:2      | XOM: summons 1 hostile shadow creature
  1599 | D:3      | XOM: give mutations
  1599 | D:3      | Gained mutation: Your spells are a little easier to cast,
                  | but a little less powerful. [Xom's mischief]
  1599 | D:3      | Gained mutation: Your body sometimes deteriorates upon
                  | taking damage. [Xom's mischief]
  1599 | D:3      | Gained mutation: Armour fits poorly on your strangely
                  | shaped body. [Xom's mischief]
  1599 | D:3      | Gained mutation: You are frail. (-10% HP) [Xom's mischief]
  1625 | D:3      | XOM: enchant monster (bad)
  1846 | D:3      | Found Voiteapn's Assorted Antiques.
  1851 | D:3      | Bought a scroll labelled JESETTESTE for 18 gold pieces
  1851 | D:3      | Bought a fizzy purple potion for 16 gold pieces
  1851 | D:3      | Bought a scroll labelled JESETTESTE for 18 gold pieces
  1851 | D:3      | Bought a cloak for 81 gold pieces
  1851 | D:3      | Bought a murky yellow potion for 16 gold pieces
  1978 | D:3      | XOM: enchant monster (bad)
  2089 | D:3      | XOM: god gift: glowing dagger {god gift}
  2164 | D:3      | XOM: god gift: murky yellow potion {god gift}
  2264 | D:4      | Found a hide-covered altar of Uskayaw.
  2264 | D:4      | Found a stormy altar of Qazlal.
  2269 | D:4      | Found a sacrificial altar of Ru.
  2269 | D:4      | Found a broken altar of Ashenzari.
  2322 | D:4      | XOM: give mutation
  2322 | D:4      | Gained mutation: Your muscles are strong. (Str +4, Int/Dex
                  | -1) [Xom's grace]
  2349 | D:4      | Noticed a scorpion
  2355 | D:4      | Killed a scorpion
  2356 | D:4      | Reached XP level 5. HP: 36/47 MP: 4/4
  2367 | D:4      | XOM is BORED!
  2419 | D:4      | XOM: potion effect (might)
  2437 | D:4      | XOM: summons 3 hostile demons
  2440 | D:4      | XOM: 1-stop teleportation journey
  2464 | D:4      | XOM: give mutations
  2464 | D:4      | Lost mutation: Armour fits poorly on your strangely shaped
                  | body. [Xom's mischief]
  2464 | D:4      | Gained mutation: Your mind is acute. (Int +4, Str/Dex -1)
                  | [Xom's mischief]
  2575 | D:4      | XOM: noise
  2587 | D:4      | Reached XP level 6. HP: 43/55 MP: 5/5
  2601 | D:4      | Reached skill level 5 in Unarmed Combat
  3137 | D:5      | Entered Level 5 of the Dungeon
  3244 | D:5      | Reached XP level 7. HP: 55/63 MP: 6/6
  3247 | D:5      | Reached skill level 5 in Fighting
  3262 | D:5      | Noticed a human
  3263 | D:5      | Found a runed translucent door.
  3267 | D:5      | Found a basalt altar of Yredelemnul.
  3392 | D:5      | XOM: enchant monster (bad)
  3498 | D:5      | Found a staircase to the Ecumenical Temple.
  3509 | Temple   | Entered the Ecumenical Temple
  3592 | D:5      | XOM: stat loss: -1 Dex (9/10)
  3628 | D:5      | XOM: god gift: wand of iceblast (4)
  3629 | D:5      | XOM: confuse monster(s)
  3630 | D:5      | XOM: enchant monster (good)
  3797 | D:5      | XOM: divine lightning
  3799 | D:5      | XOM: divine lightning
  3910 | D:5      | Found Geink's General Store.
  3921 | D:5      | Bought 2 potions of curing for 84 gold pieces
  4106 | D:6      | Identified the +4 ring mail of Happiness {SInv}
  4194 | D:6      | XOM: silly message
  4210 | D:6      | Reached XP level 8. HP: 74/74 MP: 7/7
  4285 | D:6      | XOM: divination: detect items
  4375 | D:6      | XOM: cleaving
  4387 | D:6      | XOM: silly message
  4414 | D:6      | XOM: cleaving
  4420 | D:6      | XOM: 6-stop teleportation journey
  4457 | D:6      | XOM: 1-stop teleportation journey
  4508 | D:6      | XOM: stat loss: -1 Str (23/25)
  4650 | D:5      | Bought a scroll of identify for 28 gold pieces
  4879 | D:6      | XOM: summons 1 hostile demon
  4914 | D:6      | XOM: repel stairs
  4992 | D:6      | Found an opulent altar of Gozag.
  4996 | D:6      | Found an ancient bone altar of Kikubaaqudgha.
  5008 | D:6      | XOM: give mutations
  5008 | D:6      | Lost mutation: You are frail. (-10% HP) [Xom's mischief]
  5008 | D:6      | Gained mutation: Your body often deteriorates upon taking
                  | damage. [Xom's mischief]
  5008 | D:6      | Lost mutation: Your spells are a little easier to cast, but
                  | a little less powerful. [Xom's mischief]
  5106 | D:6      | XOM: summons friendly white imp
  5116 | D:6      | Noticed a hornet
  5122 | D:6      | Killed a hornet
  5143 | D:6      | XOM: silly message
  5146 | D:6      | Reached XP level 9. HP: 93/93 MP: 8/8
  5348 | D:1      | Bought the ring "Opluk" {rF+ Str+2 Dex+3 Slay-2 SInv} for
                  | 459 gold pieces
  5660 | D:7      | Noticed an unseen horror
  5660 | D:7      | XOM: potion effect (might)
  5667 | D:7      | Killed an unseen horror
  5679 | D:7      | Reached skill level 1 in Shields
  5761 | D:7      | XOM: divination: detect items
  6163 | D:7      | XOM: potion effect (haste)
  6179 | D:7      | XOM: cloud trail
  6188 | D:7      | XOM: divination: detect creatures
  6253 | D:7      | Got the Disquisition on the Blaze
  6532 | D:7      | XOM: stat loss: -1 Str (29/30)
  6643 | D:8      | XOM: noise
  6809 | D:8      | XOM: 1-stop teleportation journey
  6871 | D:8      | XOM: silly message
  6879 | D:8      | Reached skill level 5 in Shields
  6889 | D:8      | XOM: give mutations
  6889 | D:8      | Gained mutation: You have hidden genetic defects. [Xom's
                  | mischief]
  6889 | D:8      | Gained mutation: You have a somewhat thin skeletal
                  | structure. (Dex +2, Stealth+) [Xom's mischief]
  7090 | D:8      | XOM: noise
  7101 | D:8      | XOM: confuse monster(s)
  7107 | D:8      | Reached XP level 10. HP: 104/104 MP: 9/9
  7107 | D:8      | Gained mutation: You are vulnerable to cold. (rC-) [hidden
                  | defects]
  7298 | D:8      | XOM: 1-stop teleportation journey
  7385 | D:8      | XOM: noise
  7404 | D:8      | Found Yrchexo's Assorted Antiques.
  7412 | D:8      | Bought a scroll of identify for 70 gold pieces
  7412 | D:8      | Identified a scroll of acquirement
  7669 | D:9      | XOM: stealth player
  7789 | D:9      | Acquired 588 gold pieces
  7962 | D:3      | Bought a piece from Xom's chessboard (15/15) for 360 gold
                  | pieces
  8103 | D:9      | Noticed a two-headed ogre
  8113 | D:9      | Killed a two-headed ogre
  8114 | D:9      | Reached skill level 10 in Unarmed Combat
  8114 | D:9      | Reached skill level 1 in Evocations
  8116 | D:9      | XOM: swap monsters
  8126 | D:9      | Gained mutation: Your spells are a little easier to cast,
                  | but a little less powerful. [hidden defects]
  8126 | D:9      | Lost mutation: You have hidden genetic defects. [hidden
                  | defects expressed]
  8180 | D:9      | Noticed a two-headed ogre
  8270 | D:9      | XOM: confusion (+ monsters)
  8277 | D:9      | Killed a two-headed ogre
  8380 | D:9      | Acquired a manual of Dodging
  8394 | D:9      | Identified the +0 buckler of Insecurity {rN+ Dex+2}
  8656 | D:9      | XOM: summons friendly ufetubus
  8854 | D:9      | XOM: give mutations
  8854 | D:9      | Lost mutation: Your mind is acute. (Int +4, Str/Dex -1)
                  | [Xom's mischief]
  8854 | D:9      | Gained mutation: You expend magic power (3 MP) to
                  | strengthen your wands. [Xom's mischief]
  8854 | D:9      | Lost mutation: Your spells are a little easier to cast, but
                  | a little less powerful. [Xom's mischief]
  8854 | D:9      | Gained mutation: You are partially covered in iridescent
                  | scales. (AC +2) [Xom's mischief]
  8937 | D:10     | Entered Level 10 of the Dungeon
  8948 | D:10     | XOM: divination: detect creatures
  8993 | D:10     | XOM: divination: magic mapping
  9265 | D:10     | Noticed a cyclops
  9281 | D:10     | XOM: silly message
  9296 | D:10     | Killed a cyclops
  9297 | D:10     | Reached skill level 5 in Dodging
  9303 | D:10     | XOM: enchant monster (good)
  9309 | D:10     | Reached XP level 11. HP: 117/117 MP: 10/10
  9323 | D:10     | XOM: divination: detect creatures
  9351 | D:10     | Found a staircase to the Lair.
  9430 | D:10     | Noticed a two-headed ogre
  9436 | D:10     | Killed a two-headed ogre
  9974 | D:11     | Reached skill level 10 in Fighting
  9995 | D:11     | XOM: enchant monster (good)
 10167 | D:11     | XOM: noise
 10335 | D:11     | Found a snail-covered altar of Cheibriados.
 10709 | D:12     | Found a staircase to the Orcish Mines.
 10717 | D:12     | Reached skill level 5 in Evocations
 10733 | D:12     | XOM: divination: detect creatures
 10745 | Orc:1    | Entered Level 1 of the Orcish Mines
 10745 | Orc:1    | Noticed Erica
 10849 | D:12     | Noticed a centaur warrior
 10852 | D:12     | XOM: smoke on damage
 10854 | D:12     | Killed a centaur warrior
 10872 | D:12     | XOM: destruction
 10945 | D:12     | XOM: 1-stop teleportation journey
 10974 | D:12     | XOM: 1-stop teleportation journey
 10985 | D:12     | You fall into a shaft and drop 2 floors!
 10989 | D:14     | Noticed a centaur warrior
 10995 | D:14     | Noticed a catoblepas
 10996 | D:14     | Noticed a red ugly thing
 10998 | D:14     | Killed a centaur warrior
 10998 | D:14     | Noticed a green very ugly thing
 10998 | D:14     | Noticed a boulder beetle
 10999 | D:14     | Noticed a deep elf pyromancer
 11002 | D:14     | Noticed a deep elf archer
 11009 | D:14     | Killed a deep elf pyromancer
 11010 | D:14     | Reached skill level 10 in Dodging
 11013 | D:14     | XOM: swap monsters
 11018 | D:14     | Lost mutation: You expend magic power (3 MP) to strengthen
                  | your wands. [potion of mutation]
 11018 | D:14     | Lost mutation: You are partially covered in iridescent
                  | scales. (AC +2) [potion of mutation]
 11018 | D:14     | XOM: destruction
 11019 | D:14     | XOM: cast spell 'Monstrous Menagerie'
 11021 | D:14     | Killed a deep elf archer
 11022 | D:14     | Noticed a deep elf pyromancer
 11029 | D:14     | HP: 2/175 [deep elf pyromancer/bolt of fire (10)]
 11029 | D:14     | Slain by a slime creature

Illustrated notes

Levels and vault maps discovered:
D:1:      lemuel_arrival_hallway, layout_loops_ring, serial_shops, shop
D:2:      layout_loops_ring, nicolae_elevator_lobby_asterisk
D:3:      layout_loops_corners, amcnicky_altar_gilded, serial_shops,
          nicolae_shop_hallway_plus
D:4:      layout_loops_ring, grunt_temple_overflow_open
D:5:      layout_basic, dk_yredelemnul_ordeal, minmay_temple_entry_mini_moons,
          minmay_misc_feat_cross, minmay_shop_grid_forest, skrybe_limestone_x
D:6:      minmay_polygon_palace, layout_loops_cross, minitemple,
          corexii_hall_statues_x
D:7:      layout_basic, minivault_4
D:8:      layout_loops_corners, serial_shops, shop
D:9:      layout_loops_ring
D:10:     layout_loops_ring, hellmonk_lair_entry_icy, minmay_misc_feat_pillars,
          nicolae_fountain_basement
D:11:     layout_loops_ring, slow_altar_2
D:12:     layout_loops_ring, orc_0_dummy
D:14:     minmay_the_grid_square_5x5_3x3
          [minmay_the_grid_square_5x5_two_walls_b,
          minmay_the_grid_square_5x5_spiral,
          minmay_the_grid_square_5x5_gyroscope,
          minmay_the_grid_square_5x5_checkered,
          minmay_the_grid_square_5x5_megaprize_open,
          minmay_the_grid_square_5x5_percent,
          minmay_the_grid_square_5x5_shrine1, minmay_the_grid_square_5x5_seven,
          minmay_the_grid_square_5x5_minivault], layout_grid_maze,
          david_vaults_1, nicolae_qazlal_general_emergency, uniq_rupert
Temple:   eino_temple_water
Orc:1:    layout_caves, nicolae_shop_gadgets, uniq_erica

Skill      XL: |  1  2  3  4  5  6  7  8  9 10 11 |
---------------+----------------------------------+-----
Fighting       | 3 4 5 7 8 9 10 | 10.0
Dodging        | 3 5 10 | 10.7
Unarmed Combat | 4 5 7 8 9 10 | 10.0
Shields        | 5 |  5.0
Evocations     | 4 5 |  5.0

Action                     |  1- 3 |  4- 6 |  7- 9 | 10-12 || total
---------------------------+-------+-------+-------+-------++-------
  Melee: Unarmed           |    72 |    82 |   222 |   229 ||   605
         Dagger            |       |    27 |    24 |       ||    51
  Throw: Throwing net      |       |       |     1 |       ||     1
  Evoke: Wand              |       |       |     2 |       ||     2
         Piece from Xom's  |       |       |       |     9 ||     9
    Use: Potion            |       |     1 |     4 |     4 ||     9
         Scroll            |       |       |    12 |    13 ||    25
   Stab: Petrified         |       |     2 |       |       ||     2
         Confused          |       |       |     2 |     1 ||     3
         Distracted        |       |       |     1 |       ||     1
         Paralysed         |       |       |       |     5 ||     5
 Armour: Robe              |    27 |    25 |    75 |    32 ||   159
         Skin              |       |       |     9 |    29 ||    38
  Dodge: Dodged            |    36 |    52 |   123 |   162 ||   373
